 Dungeon Crawl Stone Soup version 0.22-a0-247-gbddf880 (webtiles) character file.

11 4thArraOfDagon the Scratcher (level 2, -2/12 HPs)
             Began as a Felid Transmuter on Feb 27, 2018.
             Slain by a jackal (3 damage)
             ... on level 1 of the Dungeon.
             The game lasted 00:00:59 (240 turns).

4thArraOfDagon the Scratcher (Felid Transmuter)      Turns: 240, Time: 00:01:00

Health: -2/12      AC:  1    Str:  6    XL:     2   Next: 13%
Magic:  5/6        EV: 18    Int: 14    God:
Gold:   20         SH:  0    Dex: 16    Spells: 4/5 levels left
                                        Lives:  0   Deaths: 0

rFire    . . .     SeeInvis +     - Unarmed
rCold    + . .     Gourm    .   (shield unavailable)
rNeg     . . .     Faith    .   (armour unavailable)
rPois    .         Spirit   .   (helmet unavailable)
rElec    .         Reflect  .   (cloak unavailable)
rCorr    .         Harm     .   (gloves unavailable)
MR       .....                  (boots unavailable)
Stlth    ++........             (no amulet)
HPRegen  0.04/turn              c - ring of protection from cold
MPRegen  0.10/turn              (no ring)

@: appendage (expiring), quick
A: very small, no armour, no weapons or thrown items, stealth, claws 1, fangs 3,
horns 2, see invisible, carnivore, speed 1, shaggy fur 1, slow metabolism 1,
sharp paws
a: End Transformation


You were on level 1 of the Dungeon.
You were full.
You had grown temporary horns.
You visited 1 branch of the dungeon, and saw 2 of its levels.

You collected 20 gold pieces.

Inventory:

Missiles
 a - 12 arrows
Jewellery
 c - a ring of protection from cold (left paw)
Comestibles
 b - a ration


   Skills:
 + Level 1.1 Fighting
 + Level 2.8 Dodging
 * Level 1.3 Stealth
 * Level 3.1 Unarmed Combat
 + Level 2.0 Spellcasting
 + Level 2.3 Transmutations


You had 4 spell levels left.
You knew the following spells:

 Your Spells              Type           Power        Failure   Level  Hunger
a - Beastly Appendage     Tmut           #.....       9%          1    ##.....


Dungeon Overview and Level Annotations

Branches:
Dungeon (2/15)

Altars:


Innate Abilities, Weirdness & Mutations

You cannot wear armour.
You are incapable of wielding weapons or throwing items.
Your paws allow you to move quietly. (Stealth)
You have sharp claws.
You have razor-sharp teeth.
You have supernaturally acute eyesight. (SInv)
You are carnivorous and can eat meat at any time.
You cover ground quickly.
You are covered in fur. (AC +1)
You have a slow metabolism.
Your sharp claws are effective at attacking unaware monsters.
You have a pair of horns on your head.


Message History

Unknown command.
Unknown command.
Unknown command.
Unknown command.
You scratch the jackal. Your headbutt misses the jackal.
Your bite misses the jackal.
The jackal is almost dead.
The jackal barely misses you.
Unknown command.
Your transformation is almost over.
There is a stone staircase leading up here.
The jackal bites you.
* * * LOW HITPOINT WARNING * * *
You climb upwards.
There is a stone staircase leading down here.
Unknown command.
You scratch the jackal.
The jackal is lightly wounded.
The jackal closely misses you. The jackal bites you.
You die...

#######............#
........############
#######.###############
#.................
#..####..........# #..#
#..........# #..#
#..........#
#h.####..........#
#@..†.'..........'
#..####..........# #..#
#..........# #..#
#..........# #..#
#..........# #..#
#..........# #..#
#..[.......# #..#
#..........# #..#
#####.....##


You could see a jackal.

Vanquished Creatures
  2 hobgoblins (D:1)
  4 jackals
  A frilled lizard (D:1)
  2 goblins
9 creatures vanquished.

Notes
Turn   | Place    | Note
-------+----------+-------------------------------------------
     0 | D:1      | 4thArraOfDagon the Felid Transmuter began the quest for the Orb.
     0 | D:1      | Reached XP level 1. HP: 9/9 MP: 4/4
   143 | D:1      | Reached skill level 1 in Stealth
   149 | D:1      | Reached XP level 2. HP: 12/12 MP: 4/6
   240 | D:1      | Slain by a jackal

Vault maps used:
D:1:      wheals_arrival_linesprint, serial_bayou_ford_a
D:2:      okawaru_gym_becter, minmay_tromino_mix6, uniq_terence, uniq_robin,
          uniq_jessica

Skill      XL: |  1 |
---------------+----+-----
Stealth        | 1 |  1.3
Fighting       | |  1.1
Dodging        | |  2.8
Unarmed Combat | |  3.1
Spellcasting   | |  2.0
Transmutations | |  2.3

Action                   || total
-------------------------++-------
Melee: Unarmed           ||    28
       Headbutt          ||     2
       Bite              ||     2
 Cast: Beastly Appendage ||     5
  Eat: Chunk             ||     3
Armor: Skin              ||     1
Dodge: Dodged            ||    19

Table legend:
 A = Spawn XP
 B = Non-spawn XP
 C = Spawn XP percentage of total XP
 D = Spawn monster count
 E = Non-spawn monster count
 F = Spawn count percentage of total count
 G = Total turns spent on level
                    A         B        C        D         E        F      G
               +---------+---------+-------+---------+---------+-------+---------
         Total |       0 |      16 |   0.0 |       0 |       9 |   0.0 |   240
               +---------+---------+-------+---------+---------+-------+---------
           D:1 |       0 |      12 |   0.0 |       0 |       7 |   0.0 |   209
           D:2 |       0 |       4 |   0.0 |       0 |       2 |   0.0 |    31
               +---------+---------+-------+---------+---------+-------+---------
